 Dungeon Sprint DCSS version 0.16.2-12-gd0ad4c3 (webtiles) character file.

4978 Ponchio the Eclecticist (level 10, -17/50 HPs)
             Began as a Deep Elf Conjurer on Sept 21, 2015.
             Was the Champion of Vehumet.
             Demolished by an azure jelly (43 damage)
             ... in the Dungeon (Sprint V: "Ziggurat Sprint").
             The game lasted 00:46:42 (1610 turns).

Ponchio the Eclecticist (Deep Elf Conjurer)         Turns: 1610, Time: 00:46:42

Health: -17/50     AC:  5    Str:  3    XL:     10   Next: 29%
Magic:  29/41      EV: 15    Int: 30    God:    Vehumet [******]
Gold:   0          SH:  0    Dex: 27    Spells: 3 memorised, 33 levels left

rFire  + . .     SeeInvis .     J - +6 Majin-Bo {vamp, Archmagi MP+6 Int+6}
rCold  . . .     Clarity  .     N - +0 ring mail "Etwuo" {rF+ Slay+3}
rNeg   . . .     SustAb   .     (no shield)
rPois  .         Gourm    .     (no helmet)
rElec  .         Spirit   .     (no cloak)
rCorr  .         Warding  .     (no gloves)
rMut   .         NoTele   +     (no boots)
MR     +....                    (no amulet)
Stlth  ++........               E - +6 ring of dexterity
                                D - +6 ring of dexterity

@: somewhat resistant to hostile enchantments, unstealthy
A: weak 1, MP-powered wands 1
a: Renounce Religion


You were in the Dungeon.
You worshipped Vehumet.
Vehumet was exalted by your worship.
You were not hungry.

You visited 1 branch

Inventory:

Hand weapons
 J - the +6 Majin-Bo (weapon) {vamp, Archmagi MP+6 Int+6}
   (You found it in the Dungeon)

   It inflicts no extra harm, but heals its wielder somewhat when it strikes a
   living foe.
   It affects your intelligence (+6).
   It affects your magic capacity (+6).
Armour
 N - the +0 ring mail "Etwuo" (worn) {rF+ Slay+3}
   (You found it in the Dungeon)

   It affects your accuracy and damage with ranged weapons and melee attacks
   (+3).
   It protects you from fire.
Jewellery
 n - the ring "Crafipiv" {+Inv rElec MR+ Int+2}
   (You found it in the Dungeon)

   [ring of invisibility]

   It affects your intelligence (+2).
   It insulates you from electricity.
   It affects your resistance to hostile enchantments.
   It lets you turn invisible.
 C - the cursed ring of Gaolept {MR+ Dex+4 SInv}
   (You found it in the Dungeon)

   [ring of see invisible]

   It affects your dexterity (+4).
   It affects your resistance to hostile enchantments.
   It enhances your eyesight.
   It has a curse placed upon it.
 D - a +6 ring of dexterity (left hand)
 E - a +6 ring of dexterity (right hand)
 F - a +6 ring of intelligence
 G - a +6 ring of intelligence
 K - an uncursed ring of protection from fire
 O - an uncursed ring of protection from magic
 Q - the ring of Ropodghora {Ice rElec MR- MP+9 Str+2 Stlth+}
   (You found it in the Dungeon)

   [ring of ice]

   It enhances your ice magic, and weakens your fire magic.
   It affects your strength (+2).
   It makes you vulnerable to fire.
   It protects you from cold.
   It insulates you from electricity.
   It affects your resistance to hostile enchantments.
   It affects your magic capacity (+9).
   It makes you more stealthy.
 R - an uncursed ring of positive energy
Scrolls
 a - a scroll of brand weapon
 i - 3 scrolls of blinking
 q - 4 scrolls of amnesia
 r - 3 scrolls of recharging
 s - 7 scrolls of fog
 t - a scroll of holy word
 u - 5 scrolls of identify
 v - 4 scrolls of remove curse
 w - 2 scrolls of fear
Potions
 d - 8 potions of curing
 e - 8 potions of heal wounds
 f - 6 potions of haste
 g - 7 potions of magic
 h - 3 potions of berserk rage
 j - 2 potions of brilliance
 k - 2 potions of invisibility
 l - 2 potions of restore abilities
 m - 3 potions of resistance
 o - 4 potions of agility
 p - 5 potions of might
Books
 c - a book of Conjurations

   Spells                             Type                      Level
   a - Magic Dart                     Conjuration                  1
   b - Searing Ray                    Conjuration                  2
   c - Dazzling Spray                 Conjuration/Hexes            3
   d - Fulminant Prism                Conjuration/Hexes            4
   e - Iskenderun's Mystic Blast      Conjuration                  4
   f - Iskenderun's Battlesphere      Conjuration/Charms           5
 y - a book of Unlife

   Spells                             Type                      Level
   a - Recall                         Summoning/Translocation      3
   b - Animate Dead                   Necromancy                   4
   c - Control Undead                 Necromancy                   4
   d - Cigotuvi's Embrace             Necromancy                   5
   e - Death Channel                  Necromancy                   6
   f - Simulacrum                     Ice/Necromancy               6
 A - Croti's Collected Works on Supportive Bewitchment
   (You found it in the Dungeon)

   Spells                             Type                      Level
   a - Summon Butterflies             Summoning                    1
   b - Metabolic Englaciation         Hexes/Ice                    5
   c - Spellforged Servitor           Conjuration/Summoning        7
   d - Darkness                       Hexes                        7
 B - Deqoeq's Papyrus of the Snowflakes
   (You found it in the Dungeon)

   Spells                             Type                      Level
   a - Freeze                         Ice                          1
   b - Throw Frost                    Conjuration/Ice              2
   c - Summon Ice Beast               Ice/Summoning                4
   d - Condensation Shield            Ice                          4
   e - Simulacrum                     Ice/Necromancy               6
 I - the Almanac of the Shifting Mountains
   (You found it in the Dungeon)

   Spells                             Type                      Level
   a - Stoneskin                      Transmutation/Earth          2
   b - Leda's Liquefaction            Hexes/Earth                  4
   c - Petrify                        Transmutation/Earth          4
   d - Statue Form                    Transmutation/Earth          6
 S - the Almanac of Floating Confrontation
   (You found it in the Dungeon)

   Spells                             Type                      Level
   a - Magic Dart                     Conjuration                  1
   b - Irradiate                      Conjuration/Transmutation    5
   c - Lightning Bolt                 Conjuration/Air              5
   d - Tornado                        Air                          9
Miscellaneous
 H - a phial of floods (inert)
 L - a disc of storms
 M - a phantom mirror
 P - a stone of tremors (inert)
 T - a plain deck of summoning
Comestibles
 b - 4 bread rations
 x - 40 fruits
 z - 4 meat rations


   Skills:
 + Level 14.7 Dodging
 - Level 2.4 Stealth
 + Level 15.9 Spellcasting
 + Level 14.0 Conjurations
 + Level 13.0 Evocations


You had 33 spell levels left.
You knew the following spells:

 Your Spells              Type           Power        Failure   Level  Hunger
a - Magic Dart            Conj           ####         1%          1    None
b - Mephitic Cloud        Conj/Pois/Air  ######..     2%          3    None
c - Dazzling Spray        Conj/Hex       #######.     1%          3    None


Dungeon Overview and Level Annotations

Branches:
Dungeon (1/1)

Altars:
Ashenzari
Cheibriados
Dithmenos
Elyvilon
Fedhas
Gozag
Kikubaaqudgha
Makhleb
Nemelex Xobeh
Okawaru
Qazlal
Ru
Sif Muna
Trog
Vehumet
Xom
Yredelemnul
Zin
The Shining One
Beogh
Jiyva
Lugonu


Innate Abilities, Weirdness & Mutations

You are weak. (Str -2)
You expend magic power (3 MP) to slightly strengthen your wands.


Message History

The large slime creature quivers.
The death ooze barely misses your water elemental.
The death ooze hits your water elemental.
The large slime creature hits your water elemental!!!
Your water elemental hits the large slime creature!
Casting: Dazzling Spray
Confirm with . or Enter, or press ? or * to list all spells.
You don't know that spell.
Evoke which item? (* to show all) (? for menu, Esc to quit)
The dungeon trembles and rubble falls from the walls!
The rubble rises up and takes form.
The death ooze splashes around in the water.
The death ooze hits your water elemental!!
Your water elemental is destroyed!
The large slime creature is no longer blind.
Found an uncursed ring of magical power.
Found one item.
You swap places.
The azure jelly hits you! The azure jelly freezes you!!!
Ouch! That really hurt!
You die...

[..=[.▓..}.)....▓....
....=)[..▓..).).)..▓....
▓.........▓..)......▓....
▓...≈≈≈≈..▓.........▓....
▓..≈≈≈≈JJ.▓.........▓....
▓...≈J≈≈..▓.........▓....
▓..▓JJJ▓..▓.........▓.▓..
▓.▓...JJ▓J▓.▓.....▓.▓..†.
▓......E@.▓.........▓▓▓▓▓
▓▓▓▓▓▓▓▓▓▓▓▓▓▓▓▓▓▓▓▓▓


You could see 2 azure jellies, 2 slime creatures, a death ooze, an ooze, a jelly
and a friendly earth elemental.

Vanquished Creatures
  A deep elf conjurer (D)
  A shining eye (D)
  2 black mambas (D)
  A jumping spider (D)
  A shadow (D)
  A steam dragon (D)
  2 mottled dragons (D)
  A deep elf fighter (D)
  4 water moccasins (D)
  A naga (D)
  A necrophage (D)
  A scorpion (D)
  4 jellies (D)
  An iron imp (D)
  An orc wizard (D)
  A mummy (D)
  3 adders (D)
  2 giant mites (D)
  An adder skeleton (D)
  2 adder zombies (D)
  An orc (D)
  2 ball pythons (D)
  2 bat zombies (D)
  A jackal zombie (D)
  A fungus (D)
39 creatures vanquished.

Vanquished Creatures (collateral kills)
  A skeletal warrior (D)
  A rust devil (D)
  An eye of devastation (D)
  A naga mage (D)
  A blue devil (D)
  A fire drake (D)
  A shadow (D)
  A wyvern (D)
  A steam dragon (D)
  2 nagas (D)
  An eye of draining (D)
  2 phantoms (D)
  4 necrophages (D)
  An orc priest (D)
  An orc wizard (D)
  An adder (D)
  An adder zombie (D)
  An orc (D)
  A bat skeleton (D)
  A ball python skeleton (D)
25 creatures vanquished.

Vanquished Creatures (others)
  A skeletal warrior (D)
  4 water elementals (D)
  A jelly (D)
6 creatures vanquished.

Grand Total: 70 creatures vanquished

Notes
Turn   | Place    | Note
--------------------------------------------------------------
     0 | D        | Ponchio, the Deep Elf Conjurer, began the quest for the Orb.
     0 | D        | Reached XP level 1. HP: 10/10 MP: 5/5
     0 | D        | Found a viscous altar of Jiyva.
     1 | D        | Found a corrupted altar of Lugonu.
     2 | D        | Found a white marble altar of Elyvilon.
     3 | D        | Found a burning altar of Makhleb.
     3 | D        | Found an iron altar of Okawaru.
     5 | D        | Found a sparkling altar of Nemelex Xobeh.
     5 | D        | Found a basalt altar of Yredelemnul.
     5 | D        | Found a deep blue altar of Sif Muna.
     5 | D        | Found a radiant altar of Vehumet.
     9 | D        | Found a bloodstained altar of Trog.
    39 | D        | Found a shimmering altar of Xom.
    51 | D        | Became a worshipper of Vehumet
    58 | D        | Reached skill level 8 in Evocations
    58 | D        | Reached XP level 2. HP: 15/15 MP: 8/8
   119 | D        | Entered arena 1.
   119 | D        | Noticed a naga
   119 | D        | Noticed a water moccasin
   122 | D        | Killed a naga
   122 | D        | Reached skill level 5 in Dodging
   122 | D        | Reached XP level 3. HP: 17/19 MP: 15/15
   122 | D        | Reached XP level 4. HP: 21/24 MP: 18/18
   123 | D        | Killed a water moccasin
   123 | D        | Reached XP level 5. HP: 16/28 MP: 19/22
   269 | D        | Entered arena 2.
   269 | D        | Noticed a deep elf conjurer
   269 | D        | Noticed a deep elf fighter
   271 | D        | Killed a deep elf conjurer
   271 | D        | Acquired Vehumet's first power
   271 | D        | Offered knowledge of Freeze by Vehumet.
   271 | D        | Reached skill level 10 in Dodging
   271 | D        | Reached skill level 11 in Spellcasting
   271 | D        | Reached skill level 10 in Conjurations
   271 | D        | Reached XP level 6. HP: 32/32 MP: 27/27
   271 | D        | Reached XP level 7. HP: 36/36 MP: 28/28
   273 | D        | Killed a deep elf fighter
   297 | D        | Entered arena 3.
   297 | D        | Noticed a scorpion
   297 | D        | Noticed a jumping spider
   300 | D        | Killed a jumping spider
   300 | D        | Reached skill level 12 in Spellcasting
   308 | D        | Killed a scorpion
   308 | D        | Reached XP level 8. HP: 41/41 MP: 31/31
   315 | D        | Got the ring "Crafipiv" {+Inv rElec MR+ Int+2}
   325 | D        | Entered arena 4.
   325 | D        | Noticed a necrophage
   325 | D        | Noticed a necrophage
   328 | D        | Killed a necrophage
   328 | D        | Acquired Vehumet's second power
   333 | D        | Killed a necrophage
   346 | D        | Entered arena 5.
   346 | D        | Noticed an orc wizard
   346 | D        | Noticed an orc priest
   346 | D        | Noticed an orc wizard
   349 | D        | Killed an orc wizard
   349 | D        | Acquired Vehumet's third power
   350 | D        | Killed an orc priest
   355 | D        | Killed an orc wizard
   364 | D        | Entered arena 6.
   364 | D        | Noticed a black mamba
   366 | D        | Killed a black mamba
   366 | D        | Reached skill level 13 in Spellcasting
   463 | D        | Entered arena 7.
   463 | D        | Noticed a wyvern
   463 | D        | Noticed a steam dragon
   463 | D        | Noticed a steam dragon
   463 | D        | Noticed a fire drake
   463 | D        | Noticed a mottled dragon
   463 | D        | Noticed a mottled dragon
   469 | D        | Killed a mottled dragon
   469 | D        | Offered knowledge of Flame Tongue by Vehumet.
   469 | D        | Killed a mottled dragon
   469 | D        | Reached skill level 10 in Evocations
   471 | D        | Killed a steam dragon
   473 | D        | Killed a fire drake
   473 | D        | Reached XP level 9. HP: 20/45 MP: 32/32
   483 | D        | Killed a wyvern
   485 | D        | Killed a steam dragon
   734 | D        | Identified the Catalogue of Lethal Protection (You found it in the Dungeon)
   744 | D        | Entered arena 8.
   744 | D        | Noticed a jelly
   744 | D        | Noticed an eye of draining
   744 | D        | Noticed a shining eye
   744 | D        | Noticed a jelly
   744 | D        | Noticed a jelly
   744 | D        | Noticed an eye of devastation
   744 | D        | Noticed a jelly
   746 | D        | Killed a jelly
   746 | D        | Offered knowledge of Throw Frost by Vehumet.
   746 | D        | Reached skill level 14 in Spellcasting
   747 | D        | Killed a jelly
   748 | D        | Killed a jelly
   750 | D        | Killed a jelly
   754 | D        | Gained mutation: You are weak. (Str -2) [a shining eye]
   755 | D        | Killed an eye of devastation
   757 | D        | Gained mutation: You expend magic power (3 MP) to slightly strengthen your wands. [a shining eye]
   758 | D        | Killed a shining eye
   761 | D        | Killed an eye of draining
   769 | D        | Identified the Almanac of the Shifting Mountains (You found it in the Dungeon)
  1029 | D        | Entered arena 9.
  1029 | D        | Noticed a naga mage
  1029 | D        | Noticed a water moccasin
  1029 | D        | Noticed a naga
  1029 | D        | Noticed a water moccasin
  1029 | D        | Noticed a naga
  1029 | D        | Noticed a water moccasin
  1029 | D        | Noticed a black mamba
  1031 | D        | Killed a black mamba
  1031 | D        | Offered knowledge of Mephitic Cloud by Vehumet.
  1035 | D        | Killed a naga mage
  1037 | D        | Killed a water moccasin
  1037 | D        | Reached skill level 15 in Spellcasting
  1037 | D        | Killed a water moccasin
  1037 | D        | Killed a naga
  1040 | D        | Killed a water moccasin
  1043 | D        | Killed a naga
  1190 | D        | Learned a level 3 spell: Mephitic Cloud
  1194 | D        | Learned a level 3 spell: Dazzling Spray
  1196 | D        | Identified Proimn's Grimoire of Feathers (You found it in the Dungeon)
  1199 | D        | Entered arena 10.
  1199 | D        | Noticed a necrophage
  1199 | D        | Noticed a necrophage
  1199 | D        | Noticed a phantom
  1199 | D        | Noticed a necrophage
  1199 | D        | Noticed a phantom
  1204 | D        | Offered knowledge of Inner Flame by Vehumet.
  1208 | D        | Killed a necrophage
  1210 | D        | Killed a necrophage
  1210 | D        | Reached XP level 10. HP: 37/50 MP: 32/35
  1213 | D        | Killed a phantom
  1214 | D        | Killed a phantom
  1215 | D        | Killed a necrophage
  1366 | D        | Got the +0 ring mail "Etwuo" {rF+ Slay+3}
  1381 | D        | Identified Croti's Collected Works on Supportive Bewitchment (You found it in the Dungeon)
  1388 | D        | Identified Deqoeq's Papyrus of the Snowflakes (You found it in the Dungeon)
  1390 | D        | Got the ring of Gaolept {MR+ Dex+4 SInv}
  1395 | D        | Entered arena 11.
  1395 | D        | Noticed a blue devil
  1395 | D        | Noticed a rust devil
  1395 | D        | Noticed an iron imp
  1395 | D        | Noticed a shadow
  1395 | D        | Noticed a skeletal warrior
  1396 | D        | Noticed a shadow
  1397 | D        | Offered knowledge of Venom Bolt by Vehumet.
  1402 | D        | Killed a shadow
  1406 | D        | a skeletal warrior (ally) was killed
  1410 | D        | Killed an iron imp
  1416 | D        | Killed a blue devil
  1418 | D        | Killed a shadow
  1420 | D        | Killed a skeletal warrior
  1420 | D        | Killed a rust devil
  1589 | D        | Got the ring of Ropodghora {Ice rElec MR- MP+9 Str+2 Stlth+}
  1595 | D        | Identified the Almanac of Floating Confrontation (You found it in the Dungeon)
  1600 | D        | Entered arena 12.
  1600 | D        | Noticed an azure jelly
  1600 | D        | Noticed a jelly
  1600 | D        | Noticed a jelly
  1600 | D        | Noticed a death ooze
  1600 | D        | Noticed a slime creature
  1600 | D        | Noticed a slime creature
  1600 | D        | Noticed a slime creature
  1604 | D        | Killed a jelly
  1604 | D        | Offered knowledge of Fireball by Vehumet.
  1605 | D        | Noticed an azure jelly
  1605 | D        | Noticed a slime creature
  1610 | D        | Demolished by an azure jelly

Action                   |  1- 3 |  4- 6 |  7- 9 | 10-12 || total
-------------------------+-------+-------+-------+-------++-------
Melee: Quarterstaff      |       |       |    43 |     3 ||    46
 Cast: Dazzling Spray    |       |       |     3 |    15 ||    18
       Mephitic Cloud    |       |       |     1 |     1 ||     2
Evoke: Wand              |     1 |     3 |    18 |       ||    22
       Disc of storms    |     1 |       |     5 |     1 ||     7
       Phial of floods   |       |       |     6 |     2 ||     8
       Stone of tremors  |       |       |     4 |     1 ||     5
       Phantom mirror    |       |       |       |     1 ||     1
  Use: Potion            |     1 |     1 |     4 |     3 ||     9
       Scroll            |       |       |     1 |     1 ||     2
  Eat: Fruit             |     2 |       |       |       ||     2
       Chunk             |       |       |     2 |       ||     2
       Bread ration      |       |       |     1 |       ||     1
